Map: El Dorado

Players

ZzdeathgunzZ

  • Race: Terran Terran
  • Spawn Location: 7:00

wootwoot - Winner!

  • Race: Protoss Protoss
  • League: Silver
  • Spawn Location: 5:00

VOD

Have the link to the VOD?

Description

Time

  • Played on: April 1, 2025, 5:36 p.m.
  • Length: 6:39
Show
View Real Time Build Order
Export as new Build Order

ZzdeathgunzZ Terran 

Build Orders:  

Get SALT Encoding   

  12  0:00  SCV  
  13  0:15  Supply Depot  
  13  0:18  SCV  
  14  0:34  SCV  
  15  0:39  Barracks  
  15  0:46  SCV  
  15  0:48  Refinery  
  16  0:58  SCV  
  17  1:10  SCV  
  17  1:11  Supply Depot  
  18  1:22  SCV  
  19  1:34  SCV, Barracks Reactor  
  20  1:43  Bunker  
  20  1:46  SCV  
  21  1:58  SCV  
  22  2:02  Supply Depot  
  22  2:10  Marine x2  
  22  2:11  SCV  
  25  2:21  Engineering Bay  
  25  2:23  SCV  
  25  2:24  Supply Depot  
  25  2:28  Marine x2  
  28  2:30  Barracks  
  28  2:35  SCV  
  29  2:40  Barracks  
  29  2:55  Orbital Command  
  29  3:01  Terran Infantry Weapons Level 1  
  29  3:04  Marine  
  29  3:05  Marine  
  31  3:20  Refinery  
  31  3:22  Marine x2  
  33  3:27  Barracks Tech Lab  
  33  3:28  Barracks Tech Lab  
  33  3:40  Supply Depot, Marine x2  
  35  3:43  Supply Depot  
  35  3:53  Marauder  
  37  3:57  Marauder  
  37  3:58  Marine x2  
  37  3:59  Combat Shield  
  37  4:00  Stimpack  
  41  4:15  Marauder  
  43  4:23  Marine x2, Marauder  
  47  4:36  Marauder  
  49  4:44  Marauder  
  51  4:49  Command Center  
  51  4:50  Marine  
  52  4:58  Marauder  
  53  5:09  Marine x2  
  53  5:12  Marine  
  56  5:19  Marauder  
  55  5:33  Marine x3  
  58  5:40  Concussive Shells, Marauder  
  60  5:51  Marine x3  
  63  6:07  Marauder  
  63  6:09  Marine  
  63  6:10  Marine  
  63  6:13  Marine  
Show
View Real Time Build Order
Export as new Build Order

wootwoot Protoss - Winner!

Build Orders: 1 Gate Expand, Blink Stalkers 

Get SALT Encoding   

  12  0:00  Probe  
  13  0:12  Probe  
  14  0:18  Pylon  
  14  0:24  Probe  
  15  0:33  Probe  
  15  0:39  Gateway  
  15  0:41  Probe  
  16  0:47  Assimilator  
  17  0:51  Probe  
  18  1:03  Probe  
  19  1:15  Probe  
  20  1:25  Nexus  
  20  1:35  Cybernetics Core  
  20  1:40  Assimilator  
  20  1:43  Probe  
  21  1:50  Pylon  
  21  1:51  Probe  
  21  1:59  Probe  
  21  2:00  Stalker  
  23  2:09  Probe  
  23  2:13  Warp Gate  
  26  2:23  Twilight Council  
  26  2:26  Probe  
  27  2:31  Blink  
  27  2:37  Probe  
  27  2:38  Probe  
  29  2:49  Probe  
  29  2:50  Probe  
  31  3:01  Probe  
  31  3:02  Probe  
  33  3:13  Probe  
  33  3:14  Probe  
  33  3:18  Gateway  
  33  3:19  Gateway  
  35  3:22  Robotics Facility  
  35  3:25  Probe  
  35  3:27  Probe  
  37  3:32  Pylon  
  37  3:37  Pylon  
  37  3:38  Probe  
  37  3:39  Probe  
  39  3:50  Probe  
  39  3:51  Probe  
  41  4:01  Gateway  
  41  4:02  Warp Prism, Probe, Gateway  
  42  4:03  Gateway  
  44  4:16  Pylon  
  44  4:19  Stalker  
  44  4:22  Stalker  
  48  4:26  Stalker  
  50  4:41  Pylon  
  50  5:06  Stalker x5  
  60  5:07  Stalker  
  62  5:15  Pylon  
  52  5:30  Stalker x4  
  52  5:31  Stalker x2  
  52  5:34  Shield Battery  
  64  5:38  Shield Battery x2  
  64  5:41  Shield Battery  
  64  5:42  Shield Battery  
  64  5:59  Stalker x4  
  64  6:00  Zealot x2  
  76  6:23  Stalker  
  76  6:24  Stalker, Zealot x3  
Tags
 
Composition
Blink Stalkers
League
Silver
Matchup
PvT
Replay Pack
B2M-Replays
Spawn Locations
Close Positions
Add a new tag
Caveats
  • Supply blocks, unpowered buildings, or Contaminate may cause inaccurate times.
  • Supply counts are checked every 10 seconds.